Checkers vs Condors
Created - March 30, 2025 at 19:21
Goals
|
| Checkers |
1 |
1 |
3 |
1 |
6 |
| Condors |
2 |
3 |
0 |
0 |
5 |
|
Shots
|
| Checkers |
10 |
8 |
7 |
1 |
26 |
| Condors |
6 |
18 |
6 |
0 |
30 |
|
1st period
1. Condors , Klim Kostin 16 (Connor Hurley 15) at 10:04
2. Condors , Klim Kostin 17 (Tyson Jost 44, Yegor Sharangovich 27) at 12:49
3. Checkers , Nick Abruzzese 18 (Nathan Walker 51, Alexander Romanov 15) at 14:25
Penalties :
Jordan Spence (Bak) for Hooking (Minor) at 6:01, Logan Stanley (Bak) for High sticking (Minor) at 18:35
2nd period
4. Condors , Nick Shore 29 (Evan Bouchard 21, Adam Erne 51) at 0:23
5. Checkers , Tyce Thompson 4 (Shane Bowers 9, Roberts Lipsbergs 12) at 5:58
6. Condors , Nick Shore 30 (Adam Erne 52) at 6:04
7. Condors , Nick Shore 31 (Adam Erne 53, Martin Frk 36) at 19:27
Penalties :
Matias Maccelli (Cha) for Interference (Minor) at 0:12, Alexander Romanov (Cha) for Delaying the game (Minor) at 6:24
3rd period
8. Checkers , Patrick Brown 30 (Timothy Liljegren 48) at 0:10
9. Checkers , Timothy Liljegren 16 (Unassisted) at 3:51
10. Checkers , Dylan Gambrell 27 (Nathan Walker 52, Michael Anderson 17) at 7:00
Penalties :
Alexander Romanov (Cha) for Holding (Minor) at 4:16, Alexander Alexeyev (Bak) for Delaying the game (Minor) at 11:06, Cody Glass (Bak) for Roughing (Minor) at 18:59
Overtime #1
11. Checkers , Brendan Leipsic 11 (Moritz Seider 24, Nathan Walker 53) at 0:44 (PP)
Penalties :
No Penalty
Goalie Stats
Joseph Woll (Cha), 19 saves from 20 shots - (0.950), W, 16-22-2, 34:40 minutes
Brandon Halverson (Cha), 6 saves from 10 shots - (0.600), 26:04 minutes
Stuart Skinner (Bak), 20 saves from 26 shots - (0.769), OTL, 19-22-4, 60:44 minutes
Players Stats for Checkers
Player Name G A P +/- PIM S H SB GA TA FO MP PP MP PK MP
------------------------------------------------------------------------------------
Alexander Romanov 0 1 1 4 4 0 2 2 0 0 0/0 21:38 0:18 0:27
Austin Poganski 0 0 0 0 0 0 0 0 0 0 1/1 15:03 2:40 1:01
Brendan Leipsic 1 0 1 -2 0 4 0 0 0 0 2/2 15:55 1:27 0:50
Dylan Gambrell 1 0 1 0 0 5 0 0 0 1 12/32 22:59 3:40 1:50
Kieffer Bellows 0 0 0 -2 0 0 0 0 0 0 0/2 10:32 0:15 0:00
Matias Maccelli 0 0 0 -1 2 0 0 0 1 0 0/1 9:44 2:02 0:00
Michael Anderson 0 1 1 -2 0 1 1 0 0 1 0/0 16:46 2:02 2:02
Mitchell Heard 0 0 0 -2 0 0 0 0 0 0 2/9 13:46 0:29 2:50
Moritz Seider 0 1 1 -1 0 0 0 0 1 0 0/0 18:23 2:02 0:00
Nathan Walker 0 3 3 1 0 4 1 2 0 0 0/3 21:27 2:59 1:37
Nick Abruzzese 1 0 1 0 0 2 3 0 0 0 2/7 13:53 2:26 0:00
Patrick Brown 1 0 1 0 0 2 2 1 0 1 0/0 22:37 3:40 3:02
Roberts Lipsbergs 0 1 1 1 0 2 1 0 2 0 0/0 10:18 0:06 0:00
Ryan Pulock 0 0 0 -1 0 1 1 1 0 0 0/0 23:29 4:15 3:06
Shane Bowers 0 1 1 2 0 0 2 0 2 0 0/2 9:10 0:00 0:00
Timothy Liljegren 1 1 2 4 0 3 0 1 1 1 0/0 27:58 4:33 2:29
Tyce Thompson 1 0 1 2 0 2 0 0 0 0 0/0 9:10 0:00 0:00
Viktor Baldayev 0 0 0 -3 0 0 3 2 1 0 0/0 14:07 0:00 3:06
Players Stats for Condors
Player Name G A P +/- PIM S H SB GA TA FO MP PP MP PK MP
------------------------------------------------------------------------------------
Adam Erne 0 3 3 1 0 3 1 0 0 0 0/0 25:56 3:40 3:30
Alexander Alexeyev 0 0 0 -1 2 1 1 1 0 0 0/0 18:46 1:45 1:44
Cody Glass 0 0 0 0 2 2 2 0 0 0 0/0 12:35 0:00 0:00
Connor Hurley 0 1 1 0 0 0 3 0 0 0 4/7 10:50 0:00 0:00
Evan Bouchard 0 1 1 3 0 2 0 1 0 0 0/0 29:06 3:50 3:44
Filip Kral 0 0 0 0 0 1 1 0 0 1 0/0 20:28 2:12 3:31
Jordan Spence 0 0 0 -2 2 0 0 1 0 0 0/0 11:48 0:00 0:00
Klim Kostin 2 0 2 0 0 4 1 1 0 0 1/1 18:58 1:55 2:14
Logan Stanley 0 0 0 2 2 1 2 1 0 5 0/0 27:17 3:50 3:02
Martin Frk 0 1 1 0 0 4 0 0 2 1 1/1 17:30 3:13 0:00
Nick Shore 3 0 3 1 0 9 3 0 2 0 26/36 23:41 3:40 4:39
Nikolai Knyzhov 0 0 0 -2 0 0 0 1 0 0 0/0 13:59 0:00 2:37
Pontus Holmberg 0 0 0 0 0 0 0 0 0 1 0/0 6:50 0:00 0:00
Raphael Lavoie 0 0 0 0 0 0 0 0 0 0 0/0 0:00 0:00 0:00
Ryan McLeod 0 0 0 0 0 0 2 0 0 0 2/2 8:11 0:00 0:28
Taro Hirose 0 0 0 -1 0 1 1 0 0 0 0/0 13:49 0:00 0:04
Tyson Jost 0 1 1 -1 0 0 1 1 0 0 6/12 17:42 1:55 1:38
Yegor Sharangovich 0 1 1 -1 0 2 1 1 0 0 0/0 17:45 1:55 1:21
3 Stars
1 - Nick Shore (Bak)
2 - Timothy Liljegren (Cha)
3 - Klim Kostin (Bak)
Power Play
Checkers - 1 on 4 Attempt(s) - 25.00%
Condors - 0 on 3 Attempt(s) - 0.00%
Penalty Kill
Checkers - 3 on 3 Attempt(s) - 100.00%
- Score 0 goal in Penalty Kill
Condors - 3 on 4 Attempt(s) - 75.00%
- Score 0 goal in Penalty Kill
Team Stat
Checkers - Hits : 16 - Faceoff Wins : 19 - Blocked Shots : 9 - Penalty Minutes : 6
Condors - Hits : 19 - Faceoff Wins : 40 - Blocked Shots : 8 - Penalty Minutes : 8
Official
Referees : Chris Rooney and Chris Lee
Linesman : Ryan Galloway and Pierre Racicot
Game Notes
Joseph Woll enters game at 6:04 of 2nd period
Matias Maccelli is injured at 12:09 of 2nd period (Strained Right Knee)
Nick Shore has scored a Hat Trick!
3:51 of 3rd period - Penalty Shot by Timothy Liljegren for Checkers - Goal!
Finance
Level 1 -- Attendance: 1668 (83.40%) -- Ticket Income $116,760
Level 2 -- Attendance: 930 (93.00%) -- Ticket Income $37,200
Total Attendance: 2598 (86.60%)
Total Ticket Income: $153,960
Other Income: $7,698
Total Income: $161,658
Checkers
5 vs 5 Forward
Center Left Wing Right Wing Time % Phy DF OF
1 Dylan Gambrell Matias Maccelli Patrick Brown 40 0 2 3
2 Nick Abruzzese Nathan Walker Austin Poganski 30 0 2 3
3 Mitchell Heard Brendan Leipsic Kieffer Bellows 20 0 2 3
4 Shane Bowers Roberts Lipsbergs Tyce Thompson 10 0 2 3
5 vs 5 Defense
Defense Defense Time % Phy DF OF
1 Timothy Liljegren Alexander Romanov 40 1 2 2
2 Ryan Pulock Moritz Seider 30 1 2 2
3 Viktor Baldayev Michael Anderson 20 1 2 2
4 Timothy Liljegren Alexander Romanov 10 1 2 2
PowerPlay Forward
Center Left Wing Right Wing Time % Phy DF OF
1 Dylan Gambrell Matias Maccelli Patrick Brown 60 0 1 4
2 Nick Abruzzese Nathan Walker Austin Poganski 40 0 1 4
PowerPlay Defense
Defense Defense Time % Phy DF OF
1 Timothy Liljegren Ryan Pulock 60 0 2 3
2 Moritz Seider Michael Anderson 40 0 2 3
Penalty Kill 4 Players Forward
Center Wing Time % Phy DF OF
1 Mitchell Heard Patrick Brown 60 1 3 1
2 Dylan Gambrell Nathan Walker 40 1 3 1
Penalty Kill 4 Players Defense
Defense Defense Time % Phy DF OF
1 Viktor Baldayev Ryan Pulock 60 1 4 0
2 Timothy Liljegren Michael Anderson 40 1 4 0
Penalty Kill - 3 Players Forward
Forward Time % Phy DF OF
1 Mitchell Heard 60 1 3 1
2 Patrick Brown 40 1 3 1
Penalty Kill - 3 Players Defense
Defense Defense Time % Phy DF OF
1 Viktor Baldayev Ryan Pulock 60 1 4 0
2 Timothy Liljegren Michael Anderson 40 1 4 0
4 vs 4 Forward
Center Wing Time % Phy DF OF
1 Dylan Gambrell Matias Maccelli 60 0 2 3
2 Nick Abruzzese Nathan Walker 40 0 2 3
4 vs 4 Defense
Defense Defense Time % Phy DF OF
1 Timothy Liljegren Alexander Romanov 60 1 2 2
2 Ryan Pulock Moritz Seider 40 1 2 2
Last Minutes Offensive
Center Left Wing Right Wing Defense Defense
Dylan Gambrell Nathan Walker Patrick Brown Timothy Liljegren Ryan Pulock
Last Minutes Defensive
Center Left Wing Right Wing Defense Defense
Dylan Gambrell Nathan Walker Patrick Brown Viktor Baldayev Ryan Pulock
Goaltenders
Starting : Brandon Halverson
Backup : Joseph Woll
Extra Forwards
Normal : Matias Maccelli, Nathan Walker, Dylan Gambrell - PP : Nathan Walker, Matias Maccelli - PK : Austin Poganski
Extra Defensemen
Normal : Michael Anderson, Timothy Liljegren, Ryan Pulock - PP : Moritz Seider - PK : Timothy Liljegren, Viktor Baldayev
Penalty Shots
Matias Maccelli, Dylan Gambrell, Nathan Walker, Patrick Brown, Nick Abruzzese
Custom OT Lines Forwards
Patrick Brown, Dylan Gambrell, Nathan Walker, Matias Maccelli, Mitchell Heard, Roberts Lipsbergs, Austin Poganski, Kieffer Bellows, Nick Abruzzese, Brendan Leipsic
Custom OT Lines Defensemen
Timothy Liljegren, Ryan Pulock, Viktor Baldayev, Michael Anderson, Alexander Romanov
Scratches
Brett Pollock (Healthy), Jordan Harris (Healthy), Jared McIsaac (Healthy), Mikhail Abramov (Healthy), Mattias Norlinder (Healthy)
Nathan Legare (Healthy), Arvid Soderblom (Healthy), Kirill Ustimenko (Healthy)
Condors
5 vs 5 Forward
Center Left Wing Right Wing Time % Phy DF OF
1 Nick Shore Adam Erne Martin Frk 40 1 2 2
2 Tyson Jost Klim Kostin Yegor Sharangovich 30 1 2 2
3 Connor Hurley Taro Hirose Cody Glass 20 1 2 2
4 Ryan McLeod Adam Erne Pontus Holmberg 10 1 2 2
5 vs 5 Defense
Defense Defense Time % Phy DF OF
1 Logan Stanley Evan Bouchard 40 1 2 2
2 Alexander Alexeyev Filip Kral 30 1 2 2
3 Nikolai Knyzhov Jordan Spence 20 1 2 2
4 Logan Stanley Evan Bouchard 10 1 2 2
PowerPlay Forward
Center Left Wing Right Wing Time % Phy DF OF
1 Nick Shore Adam Erne Martin Frk 60 1 2 2
2 Tyson Jost Klim Kostin Yegor Sharangovich 40 1 2 2
PowerPlay Defense
Defense Defense Time % Phy DF OF
1 Logan Stanley Evan Bouchard 60 1 2 2
2 Alexander Alexeyev Filip Kral 40 1 2 2
Penalty Kill 4 Players Forward
Center Wing Time % Phy DF OF
1 Nick Shore Adam Erne 60 1 2 2
2 Tyson Jost Klim Kostin 40 1 2 2
Penalty Kill 4 Players Defense
Defense Defense Time % Phy DF OF
1 Logan Stanley Evan Bouchard 60 1 2 2
2 Alexander Alexeyev Filip Kral 40 1 2 2
Penalty Kill - 3 Players Forward
Forward Time % Phy DF OF
1 Nick Shore 60 1 2 2
2 Tyson Jost 40 1 2 2
Penalty Kill - 3 Players Defense
Defense Defense Time % Phy DF OF
1 Logan Stanley Evan Bouchard 60 1 2 2
2 Alexander Alexeyev Filip Kral 40 1 2 2
4 vs 4 Forward
Center Wing Time % Phy DF OF
1 Nick Shore Adam Erne 60 1 2 2
2 Tyson Jost Klim Kostin 40 1 2 2
4 vs 4 Defense
Defense Defense Time % Phy DF OF
1 Logan Stanley Evan Bouchard 60 1 2 2
2 Alexander Alexeyev Filip Kral 40 1 2 2
Last Minutes Offensive
Center Left Wing Right Wing Defense Defense
Nick Shore Adam Erne Martin Frk Logan Stanley Evan Bouchard
Last Minutes Defensive
Center Left Wing Right Wing Defense Defense
Nick Shore Adam Erne Martin Frk Logan Stanley Evan Bouchard
Goaltenders
Starting : Stuart Skinner
Backup : Jaxson Stauber
Extra Forwards
Normal : Yegor Sharangovich, Klim Kostin, Taro Hirose - PP : Yegor Sharangovich, Klim Kostin - PK : Yegor Sharangovich
Extra Defensemen
Normal : Filip Kral, Nikolai Knyzhov, Jordan Spence - PP : Filip Kral - PK : Filip Kral, Nikolai Knyzhov
Penalty Shots
Adam Erne, Martin Frk, Nick Shore, Tyson Jost, Yegor Sharangovich
Custom OT Lines Forwards
Adam Erne, Martin Frk, Nick Shore, Tyson Jost, Yegor Sharangovich, Klim Kostin, Taro Hirose, Cody Glass, Connor Hurley, Pontus Holmberg
Custom OT Lines Defensemen
Logan Stanley, Evan Bouchard, Alexander Alexeyev, Filip Kral, Nikolai Knyzhov
Scratches
Cole Cassels (Healthy), Colin White (Healthy), Semyon Der-Arguchintsev (Healthy), Gustav Olofsson (Right Hand Injury), Jeremy Gregoire (Healthy)
Jordan Subban (Broken Left Foot Toe Injury), Robin Salo (Healthy), Brayden Pachal (Healthy), Remi Elie (Healthy), Filip Johansson (Healthy)
Lucas Johansen (Healthy), Cole Fonstad (Healthy), Jack Perbix (Healthy), Filip Cederqvist (Healthy), Michael Dipietro (Healthy)
% Time on Ice - Checkers
Lines # - Real PCT - Wanted PCT - Time Play
Normal Forward
1 - 34% - 40% - 15:55
2 - 28% - 30% - 13:09
3 - 19% - 20% - 9:14
4 - 19% - 10% - 9:10
Normal Defense
1 - 38% - 40% - 17:56
2 - 37% - 30% - 17:35
3 - 22% - 20% - 10:30
4 - 3% - 10% - 1:27
PP Forward
1 - 63% - 60% - 4:08
2 - 37% - 40% - 2:27
PP Defense
1 - 69% - 60% - 4:33
2 - 31% - 40% - 2:02
PK Forward
1 - 73% - 60% - 4:04
2 - 27% - 40% - 1:31
PK Defense
1 - 64% - 60% - 3:33
2 - 36% - 40% - 2:02
PK3 Forward
1 - 0% - 60%
2 - 0% - 40%
PK3 Defense
1 - 0% - 60%
2 - 0% - 40%
44 Forward
1 - 100% - 60% - 1:06
2 - 0% - 40% - 0:00
44 Defense
1 - 82% - 60% - 0:54
2 - 18% - 40% - 0:12
Last Minute Offensive - 0:00
Last Minute Defensive - 0:00
Total
Forward - 60:44
Defense - 60:44
|
% Time on Ice - Condors
Lines # - Real PCT - Wanted PCT - Time Play
Normal Forward
1 - 32% - 40% - 15:02
2 - 32% - 30% - 15:04
3 - 23% - 20% - 10:50
4 - 14% - 10% - 6:32
Normal Defense
1 - 39% - 40% - 18:44
2 - 32% - 30% - 15:01
3 - 24% - 20% - 11:19
4 - 5% - 10% - 2:24
PP Forward
1 - 66% - 60% - 3:40
2 - 34% - 40% - 1:55
PP Defense
1 - 69% - 60% - 3:50
2 - 31% - 40% - 1:45
PK Forward
1 - 75% - 60% - 4:57
2 - 25% - 40% - 1:38
PK Defense
1 - 55% - 60% - 3:36
2 - 45% - 40% - 2:59
PK3 Forward
1 - 100% - 60% - 0:44
2 - 0% - 40% - 0:00
PK3 Defense
1 - 100% - 60% - 0:44
2 - 0% - 40% - 0:00
44 Forward
1 - 100% - 60% - 0:22
2 - 0% - 40% - 0:00
44 Defense
1 - 100% - 60% - 0:22
2 - 0% - 40% - 0:00
Last Minute Offensive - 0:00
Last Minute Defensive - 0:00
Total
Forward - 60:44
Defense - 60:44
|
Play-by-Play
1st period
0:01 of 1st period - Nick Shore wins face-off versus Dylan Gambrell in neutral zone.
0:29 of 1st period - Wrist shot by Klim Kostin.
0:29 of 1st period - Shot Misses the Net.
0:31 of 1st period - Slapshot by Filip Kral.
0:31 of 1st period - Shot Misses the Net.
0:33 of 1st period - Slapshot by Filip Kral.
0:33 of 1st period - Stopped by Brandon Halverson without a rebound.
0:34 of 1st period - Connor Hurley wins face-off versus Nick Abruzzese in Checkers zone.
0:59 of 1st period - Pontus Holmberg is hit by Shane Bowers and loses puck.
1:08 of 1st period - Slapshot by Roberts Lipsbergs.
1:08 of 1st period - Shot Misses the Net.
1:22 of 1st period - Slapshot by Dylan Gambrell.
1:22 of 1st period - Shot Blocked by Yegor Sharangovich.
1:24 of 1st period - Snap shot by Ryan Pulock.
1:24 of 1st period - Deflect By Matias Maccelli.
1:24 of 1st period - Shot Misses the Net.
1:24 of 1st period - Puck is out of play.
1:25 of 1st period - Nick Shore wins face-off versus Dylan Gambrell in Condors zone.
1:25 of 1st period - Nick Shore is hit by Viktor Baldayev.
1:52 of 1st period - Off-side.
1:53 of 1st period - Tyson Jost wins face-off versus Kieffer Bellows in neutral zone.
2:18 of 1st period - Austin Poganski is hit by Nick Shore and loses puck.
3:03 of 1st period - Wrist shot by Patrick Brown.
3:03 of 1st period - Shot Blocked by Logan Stanley.
4:53 of 1st period - Wrist shot by Taro Hirose.
4:53 of 1st period - Shot Blocked by Viktor Baldayev.
5:10 of 1st period - Adam Erne is hit by Viktor Baldayev and loses puck.
5:19 of 1st period - Slapshot by Brendan Leipsic.
5:19 of 1st period - Stopped by Stuart Skinner with a rebound.
5:21 of 1st period - Slapshot by Brendan Leipsic.
5:21 of 1st period - Shot Misses the Net.
5:53 of 1st period - Wrist shot by Nick Abruzzese.
5:53 of 1st period - Stopped by Stuart Skinner with a rebound.
5:55 of 1st period - Snap shot by Ryan Pulock.
5:55 of 1st period - Shot Misses the Net.
6:01 of 1st period - Minor Penalty to Jordan Spence for Hooking.
6:02 of 1st period - Nick Shore wins face-off versus Dylan Gambrell in Condors zone.
6:18 of 1st period - Alexander Alexeyev is hit by Ryan Pulock and loses puck.
6:29 of 1st period - Slapshot by Nathan Walker.
6:29 of 1st period - Shot Misses the Net.
8:01 of 1st period - Penalty to Jordan Spence is over, Jordan Spence is back on ice.
8:10 of 1st period - Snap shot by Taro Hirose.
8:10 of 1st period - Shot Misses the Net.
9:21 of 1st period - Nick Shore is hit by Patrick Brown and loses puck.
9:40 of 1st period - Tyson Jost is hit by Shane Bowers and loses puck.
10:00 of 1st period - Off-side.
10:01 of 1st period - Connor Hurley wins face-off versus Mitchell Heard in neutral zone.
10:04 of 1st period - Wrist shot by Klim Kostin.
10:04 of 1st period - Goal by Klim Kostin - Checkers : 0 - Condors : 1.
10:05 of 1st period - Nick Shore wins face-off versus Dylan Gambrell in neutral zone.
10:08 of 1st period - Timothy Liljegren is hit by Alexander Alexeyev.
10:20 of 1st period - Snap shot by Martin Frk.
10:20 of 1st period - Stopped by Brandon Halverson without a rebound.
10:21 of 1st period - Tyson Jost wins face-off versus Nick Abruzzese in Checkers zone.
10:48 of 1st period - Icing by Nick Shore.
10:49 of 1st period - Nick Shore wins face-off versus Dylan Gambrell in Condors zone.
10:54 of 1st period - Wrist shot by Martin Frk.
10:54 of 1st period - Stopped by Brandon Halverson without a rebound.
10:55 of 1st period - Dylan Gambrell wins face-off versus Nick Shore in Checkers zone.
11:23 of 1st period - Wrist shot by Yegor Sharangovich.
11:23 of 1st period - Shot Misses the Net.
11:51 of 1st period - Snap shot by Mitchell Heard.
11:51 of 1st period - Shot Blocked by Alexander Alexeyev.
12:03 of 1st period - Nick Shore is hit by Alexander Romanov and loses puck.
12:47 of 1st period - Wrist shot by Tyson Jost.
12:47 of 1st period - Shot Blocked by Viktor Baldayev.
12:49 of 1st period - Snap shot by Klim Kostin.
12:49 of 1st period - Goal by Klim Kostin - Checkers : 0 - Condors : 2.
12:50 of 1st period - Tyson Jost wins face-off versus Dylan Gambrell in neutral zone.
13:48 of 1st period - Icing by Filip Kral.
13:49 of 1st period - Dylan Gambrell wins face-off versus Connor Hurley in Condors zone.
13:52 of 1st period - Backhand shot by Dylan Gambrell.
13:52 of 1st period - Stopped by Stuart Skinner with a rebound.
14:25 of 1st period - Wrist shot by Nick Abruzzese.
14:25 of 1st period - Goal by Nick Abruzzese - Checkers : 1 - Condors : 2.
14:26 of 1st period - Nick Shore wins face-off versus Matias Maccelli in neutral zone.
14:35 of 1st period - Backhand shot by Patrick Brown.
14:35 of 1st period - Stopped by Stuart Skinner with a rebound.
16:01 of 1st period - Snap shot by Klim Kostin.
16:01 of 1st period - Shot Misses the Net.
16:03 of 1st period - Slapshot by Tyson Jost.
16:03 of 1st period - Deflect By Yegor Sharangovich.
16:03 of 1st period - Stopped by Brandon Halverson with a rebound.
16:32 of 1st period - Wrist shot by Brendan Leipsic.
16:32 of 1st period - Stopped by Stuart Skinner with a rebound.
16:38 of 1st period - Mitchell Heard is hit by Connor Hurley.
16:42 of 1st period - Viktor Baldayev is hit by Cody Glass and loses puck.
16:55 of 1st period - Wrist shot by Nathan Walker.
16:55 of 1st period - Stopped by Stuart Skinner with a rebound.
16:57 of 1st period - Slapshot by Michael Anderson.
16:57 of 1st period - Stopped by Stuart Skinner with a rebound.
17:58 of 1st period - Slapshot by Ryan Pulock.
17:58 of 1st period - Stopped by Stuart Skinner without a rebound.
17:59 of 1st period - Brendan Leipsic wins face-off versus Tyson Jost in Condors zone.
18:32 of 1st period - Off-side.
18:33 of 1st period - Nick Shore wins face-off versus Dylan Gambrell in neutral zone.
18:35 of 1st period - Minor Penalty to Logan Stanley for High sticking.
18:36 of 1st period - Dylan Gambrell wins face-off versus Nick Shore in Condors zone.
18:40 of 1st period - Slapshot by Dylan Gambrell.
18:40 of 1st period - Stopped by Stuart Skinner without a rebound.
18:41 of 1st period - Nick Shore wins face-off versus Dylan Gambrell in Condors zone.
Goals for this period are 1 for Checkers vs 2 for Condors.
Shots for this period are 10 for Checkers vs 6 for Condors.
2nd period
0:01 of 2nd period - Nick Shore wins face-off versus Dylan Gambrell in neutral zone.
0:04 of 2nd period - Dylan Gambrell is hit by Nick Shore and loses puck.
0:12 of 2nd period - Minor Penalty to Matias Maccelli for Interference.
0:13 of 2nd period - Nick Shore wins face-off versus Dylan Gambrell in Checkers zone.
0:19 of 2nd period - Snap shot by Adam Erne.
0:19 of 2nd period - Shot Blocked by Nathan Walker.
0:21 of 2nd period - Slapshot by Evan Bouchard.
0:21 of 2nd period - Shot Misses the Net.
0:23 of 2nd period - Wrist shot by Nick Shore.
0:23 of 2nd period - Goal by Nick Shore - Checkers : 1 - Condors : 3.
0:24 of 2nd period - Dylan Gambrell wins face-off versus Nick Shore in neutral zone.
0:29 of 2nd period - Slapshot by Timothy Liljegren.
0:29 of 2nd period - Stopped by Stuart Skinner with a rebound.
0:31 of 2nd period - Slapshot by Timothy Liljegren.
0:31 of 2nd period - Stopped by Stuart Skinner without a rebound.
0:32 of 2nd period - Nick Shore wins face-off versus Dylan Gambrell in Condors zone.
0:35 of 2nd period - Penalty to Logan Stanley is over, Logan Stanley is back on ice.
0:37 of 2nd period - Snap shot by Nick Shore.
0:37 of 2nd period - Shot Misses the Net.
0:51 of 2nd period - Snap shot by Adam Erne.
0:51 of 2nd period - Shot Misses the Net.
0:53 of 2nd period - Snap shot by Logan Stanley.
0:53 of 2nd period - Stopped by Brandon Halverson with a rebound.
1:01 of 2nd period - Snap shot by Nick Shore.
1:01 of 2nd period - Stopped by Brandon Halverson without a rebound.
1:02 of 2nd period - Klim Kostin wins face-off versus Mitchell Heard in Checkers zone.
1:13 of 2nd period - Ryan Pulock is hit by Yegor Sharangovich and loses puck.
2:12 of 2nd period - Penalty to Matias Maccelli is over, Matias Maccelli is back on ice.
2:26 of 2nd period - Slapshot by Filip Kral.
2:26 of 2nd period - Shot Hit the Post.
3:11 of 2nd period - Off-side.
3:12 of 2nd period - Ryan McLeod wins face-off versus Dylan Gambrell in neutral zone.
3:15 of 2nd period - Patrick Brown is hit by Ryan McLeod and loses puck.
3:36 of 2nd period - Klim Kostin is hit by Nick Abruzzese and loses puck.
3:59 of 2nd period - Slapshot by Roberts Lipsbergs.
3:59 of 2nd period - Stopped by Stuart Skinner with a rebound.
4:01 of 2nd period - Backhand shot by Moritz Seider.
4:01 of 2nd period - Shot Blocked by Evan Bouchard.
4:18 of 2nd period - Icing by Mitchell Heard.
4:19 of 2nd period - Connor Hurley wins face-off versus Mitchell Heard in Checkers zone.
4:32 of 2nd period - Snap shot by Brendan Leipsic.
4:32 of 2nd period - Stopped by Stuart Skinner without a rebound.
4:33 of 2nd period - Dylan Gambrell wins face-off versus Nick Shore in Condors zone.
5:39 of 2nd period - Snap shot by Pontus Holmberg.
5:39 of 2nd period - Shot Blocked by Alexander Romanov.
5:58 of 2nd period - Wrist shot by Shane Bowers.
5:58 of 2nd period - Deflect By Tyce Thompson.
5:58 of 2nd period - Goal by Tyce Thompson - Checkers : 2 - Condors : 3.
5:59 of 2nd period - Nick Shore wins face-off versus Dylan Gambrell in neutral zone.
6:04 of 2nd period - Snap shot by Nick Shore.
6:04 of 2nd period - Goal by Nick Shore - Checkers : 2 - Condors : 4.
6:04 of 2nd period - Joseph Woll enters game.
6:05 of 2nd period - Martin Frk wins face-off versus Dylan Gambrell in neutral zone.
6:21 of 2nd period - Wrist shot by Nick Shore.
6:21 of 2nd period - Stopped by Joseph Woll without a rebound.
6:22 of 2nd period - Nick Abruzzese wins face-off versus Tyson Jost in Checkers zone.
6:24 of 2nd period - Minor Penalty to Alexander Romanov for Delaying the game.
6:25 of 2nd period - Nick Shore wins face-off versus Mitchell Heard in Checkers zone.
8:07 of 2nd period - Ryan Pulock is hit by Klim Kostin and loses puck.
8:24 of 2nd period - Penalty to Alexander Romanov is over, Alexander Romanov is back on ice.
8:43 of 2nd period - Alexander Romanov is hit by Connor Hurley and loses puck.
9:49 of 2nd period - Nikolai Knyzhov is hit by Roberts Lipsbergs and loses puck.
10:24 of 2nd period - Taro Hirose is hit by Nick Abruzzese and loses puck.
11:08 of 2nd period - Filip Kral is hit by Nick Abruzzese and loses puck.
11:30 of 2nd period - Icing by Taro Hirose.
11:31 of 2nd period - Brendan Leipsic wins face-off versus Connor Hurley in Condors zone.
11:45 of 2nd period - Off-side.
11:46 of 2nd period - Dylan Gambrell wins face-off versus Tyson Jost in neutral zone.
12:08 of 2nd period - Matias Maccelli is hit by Adam Erne and loses puck.
12:09 of 2nd period - Matias Maccelli from Checkers is injured at 12:09 of 2nd period (Strained Right Knee).
12:10 of 2nd period - Dylan Gambrell wins face-off versus Nick Shore in Checkers zone.
12:42 of 2nd period - Snap shot by Yegor Sharangovich.
12:42 of 2nd period - Stopped by Joseph Woll with a rebound.
12:44 of 2nd period - Snap shot by Tyson Jost.
12:44 of 2nd period - Shot Misses the Net.
12:46 of 2nd period - Backhand shot by Klim Kostin.
12:46 of 2nd period - Stopped by Joseph Woll without a rebound.
12:47 of 2nd period - Dylan Gambrell wins face-off versus Tyson Jost in Checkers zone.
12:54 of 2nd period - Alexander Alexeyev is hit by Nathan Walker.
13:00 of 2nd period - Wrist shot by Tyson Jost.
13:00 of 2nd period - Shot Misses the Net.
13:02 of 2nd period - Snap shot by Klim Kostin.
13:02 of 2nd period - Stopped by Joseph Woll without a rebound.
13:03 of 2nd period - Nick Shore wins face-off versus Nick Abruzzese in Checkers zone.
13:06 of 2nd period - Snap shot by Martin Frk.
13:06 of 2nd period - Stopped by Joseph Woll with a rebound.
13:45 of 2nd period - Wrist shot by Martin Frk.
13:45 of 2nd period - Shot Misses the Net.
14:12 of 2nd period - Snap shot by Nick Shore.
14:12 of 2nd period - Stopped by Joseph Woll without a rebound.
14:13 of 2nd period - Tyson Jost wins face-off versus Nick Abruzzese in Checkers zone.
14:38 of 2nd period - Roberts Lipsbergs is hit by Connor Hurley and loses puck.
14:47 of 2nd period - Wrist shot by Taro Hirose.
14:47 of 2nd period - Stopped by Joseph Woll with a rebound.
15:03 of 2nd period - Kieffer Bellows is hit by Taro Hirose and loses puck.
15:25 of 2nd period - Dylan Gambrell is hit by Tyson Jost and loses puck.
16:29 of 2nd period - Icing by Evan Bouchard.
16:30 of 2nd period - Ryan McLeod wins face-off versus Shane Bowers in Condors zone.
17:12 of 2nd period - Snap shot by Connor Hurley.
17:12 of 2nd period - Shot Blocked by Patrick Brown.
17:32 of 2nd period - Icing by Alexander Romanov.
17:33 of 2nd period - Tyson Jost wins face-off versus Shane Bowers in Checkers zone.
17:42 of 2nd period - Snap shot by Tyson Jost.
17:42 of 2nd period - Deflect By Klim Kostin.
17:42 of 2nd period - Shot Misses the Net.
17:42 of 2nd period - Puck is out of play.
17:43 of 2nd period - Nick Shore wins face-off versus Dylan Gambrell in Checkers zone.
17:50 of 2nd period - Slapshot by Nick Shore.
17:50 of 2nd period - Stopped by Joseph Woll with a rebound.
18:33 of 2nd period - Slapshot by Dylan Gambrell.
18:33 of 2nd period - Stopped by Stuart Skinner with a rebound.
18:35 of 2nd period - Slapshot by Moritz Seider.
18:35 of 2nd period - Shot Blocked by Klim Kostin.
18:37 of 2nd period - Slapshot by Ryan Pulock.
18:37 of 2nd period - Shot Blocked by Tyson Jost.
18:57 of 2nd period - Wrist shot by Nathan Walker.
18:57 of 2nd period - Shot Misses the Net.
18:59 of 2nd period - Wrist shot by Dylan Gambrell.
18:59 of 2nd period - Deflect By Filip Kral.
18:59 of 2nd period - Stopped by Stuart Skinner with a rebound.
19:11 of 2nd period - Snap shot by Nathan Walker.
19:11 of 2nd period - Stopped by Stuart Skinner without a rebound.
19:12 of 2nd period - Nick Shore wins face-off versus Mitchell Heard in Condors zone.
19:19 of 2nd period - Wrist shot by Adam Erne.
19:19 of 2nd period - Shot Misses the Net.
19:21 of 2nd period - Snap shot by Nick Shore.
19:21 of 2nd period - Stopped by Joseph Woll with a rebound.
19:23 of 2nd period - Slapshot by Martin Frk.
19:23 of 2nd period - Deflect By Adam Erne.
19:23 of 2nd period - Stopped by Joseph Woll with a rebound.
19:25 of 2nd period - Snap shot by Adam Erne.
19:25 of 2nd period - Shot Misses the Net.
19:27 of 2nd period - Wrist shot by Nick Shore.
19:27 of 2nd period - Goal by Nick Shore - Checkers : 2 - Condors : 5.
19:28 of 2nd period - Nick Shore wins face-off versus Kieffer Bellows in neutral zone.
19:33 of 2nd period - Snap shot by Martin Frk.
19:33 of 2nd period - Stopped by Joseph Woll with a rebound.
19:35 of 2nd period - Slapshot by Evan Bouchard.
19:35 of 2nd period - Deflect By Kieffer Bellows.
19:35 of 2nd period - Stopped by Joseph Woll with a rebound.
19:37 of 2nd period - Slapshot by Evan Bouchard.
19:37 of 2nd period - Stopped by Joseph Woll without a rebound.
19:38 of 2nd period - Mitchell Heard wins face-off versus Nick Shore in Checkers zone.
19:59 of 2nd period - Wrist shot by Martin Frk.
19:59 of 2nd period - Shot Misses the Net.
Goals for this period are 1 for Checkers vs 3 for Condors.
Shots for this period are 8 for Checkers vs 18 for Condors.
3rd period
0:01 of 3rd period - Nick Shore wins face-off versus Dylan Gambrell in neutral zone.
0:10 of 3rd period - Wrist shot by Patrick Brown.
0:10 of 3rd period - Goal by Patrick Brown - Checkers : 3 - Condors : 5.
0:11 of 3rd period - Nick Shore wins face-off versus Dylan Gambrell in neutral zone.
0:18 of 3rd period - Slapshot by Nick Shore.
0:18 of 3rd period - Shot Misses the Net.
0:24 of 3rd period - Wrist shot by Martin Frk.
0:24 of 3rd period - Shot Blocked by Timothy Liljegren.
0:26 of 3rd period - Snap shot by Nick Shore.
0:26 of 3rd period - Stopped by Joseph Woll with a rebound.
0:28 of 3rd period - Slapshot by Logan Stanley.
0:28 of 3rd period - Deflect By Adam Erne.
0:28 of 3rd period - Stopped by Joseph Woll without a rebound.
0:29 of 3rd period - Austin Poganski wins face-off versus Tyson Jost in Checkers zone.
0:29 of 3rd period - Austin Poganski is hit by Logan Stanley.
0:46 of 3rd period - Off-side.
0:47 of 3rd period - Nick Shore wins face-off versus Dylan Gambrell in neutral zone.
1:02 of 3rd period - Wrist shot by Patrick Brown.
1:02 of 3rd period - Shot Misses the Net.
1:59 of 3rd period - Snap shot by Pontus Holmberg.
1:59 of 3rd period - Shot Misses the Net.
2:01 of 3rd period - Slapshot by Alexander Alexeyev.
2:01 of 3rd period - Stopped by Joseph Woll with a rebound.
2:03 of 3rd period - Snap shot by Ryan McLeod.
2:03 of 3rd period - Shot Misses the Net.
2:26 of 3rd period - Icing by Dylan Gambrell.
2:27 of 3rd period - Dylan Gambrell wins face-off versus Nick Shore in Checkers zone.
2:27 of 3rd period - Dylan Gambrell is hit by Nick Shore.
2:54 of 3rd period - Slapshot by Ryan Pulock.
2:54 of 3rd period - Shot Blocked by Jordan Spence.
2:58 of 3rd period - Slapshot by Nathan Walker.
2:58 of 3rd period - Stopped by Stuart Skinner with a rebound.
3:14 of 3rd period - Cody Glass is hit by Patrick Brown and loses puck.
3:51 of 3rd period - Penalty Shot by Timothy Liljegren for Checkers.
3:51 of 3rd period - Wrist shot by Timothy Liljegren.
3:51 of 3rd period - Goal by Timothy Liljegren - Checkers : 4 - Condors : 5.
3:52 of 3rd period - Nick Shore wins face-off versus Nathan Walker in neutral zone.
3:53 of 3rd period - Nick Shore wins face-off versus Nathan Walker in Checkers zone.
4:16 of 3rd period - Minor Penalty to Alexander Romanov for Holding.
4:17 of 3rd period - Nick Shore wins face-off versus Mitchell Heard in Checkers zone.
6:16 of 3rd period - Penalty to Alexander Romanov is over, Alexander Romanov is back on ice.
6:26 of 3rd period - Snap shot by Taro Hirose.
6:26 of 3rd period - Shot Blocked by Nathan Walker.
6:56 of 3rd period - Slapshot by Nathan Walker.
6:56 of 3rd period - Shot Misses the Net.
6:58 of 3rd period - Snap shot by Nathan Walker.
6:58 of 3rd period - Shot Blocked by Nikolai Knyzhov.
7:00 of 3rd period - Wrist shot by Dylan Gambrell.
7:00 of 3rd period - Goal by Dylan Gambrell - Checkers : 5 - Condors : 5.
7:01 of 3rd period - Nick Shore wins face-off versus Mitchell Heard in neutral zone.
7:04 of 3rd period - Snap shot by Adam Erne.
7:04 of 3rd period - Shot Misses the Net.
7:09 of 3rd period - Off-side.
7:10 of 3rd period - Mitchell Heard wins face-off versus Nick Shore in neutral zone.
7:17 of 3rd period - Slapshot by Adam Erne.
7:17 of 3rd period - Stopped by Joseph Woll with a rebound.
7:19 of 3rd period - Slapshot by Adam Erne.
7:19 of 3rd period - Shot Blocked by Ryan Pulock.
8:23 of 3rd period - Icing by Martin Frk.
8:24 of 3rd period - Nick Shore wins face-off versus Dylan Gambrell in Condors zone.
8:24 of 3rd period - Nick Shore is hit by Alexander Romanov.
8:50 of 3rd period - Wrist shot by Nick Shore.
8:50 of 3rd period - Shot Blocked by Alexander Romanov.
9:23 of 3rd period - Snap shot by Roberts Lipsbergs.
9:23 of 3rd period - Stopped by Stuart Skinner with a rebound.
9:25 of 3rd period - Snap shot by Tyce Thompson.
9:25 of 3rd period - Shot Misses the Net.
9:27 of 3rd period - Slapshot by Tyce Thompson.
9:27 of 3rd period - Stopped by Stuart Skinner with a rebound.
9:44 of 3rd period - Off-side.
9:45 of 3rd period - Connor Hurley wins face-off versus Dylan Gambrell in neutral zone.
10:51 of 3rd period - Off-side.
10:52 of 3rd period - Nick Abruzzese wins face-off versus Connor Hurley in neutral zone.
11:06 of 3rd period - Minor Penalty to Alexander Alexeyev for Delaying the game.
11:07 of 3rd period - Dylan Gambrell wins face-off versus Nick Shore in Condors zone.
13:06 of 3rd period - Penalty to Alexander Alexeyev is over, Alexander Alexeyev is back on ice.
13:31 of 3rd period - Alexander Romanov is hit by Cody Glass and loses puck.
13:42 of 3rd period - Snap shot by Cody Glass.
13:42 of 3rd period - Stopped by Joseph Woll with a rebound.
13:48 of 3rd period - Wrist shot by Cody Glass.
13:48 of 3rd period - Stopped by Joseph Woll without a rebound.
13:49 of 3rd period - Tyson Jost wins face-off versus Nick Abruzzese in Checkers zone.
14:14 of 3rd period - Ryan Pulock is hit by Ryan McLeod and loses puck.
14:48 of 3rd period - Dylan Gambrell is hit by Logan Stanley and loses puck.
15:03 of 3rd period - Ryan McLeod is hit by Viktor Baldayev and loses puck.
15:47 of 3rd period - Nick Abruzzese is hit by Filip Kral and loses puck.
18:13 of 3rd period - Yegor Sharangovich is hit by Michael Anderson and loses puck.
18:59 of 3rd period - Minor Penalty to Cody Glass for Roughing.
19:00 of 3rd period - Dylan Gambrell wins face-off versus Nick Shore in Condors zone.
19:03 of 3rd period - Slapshot by Nathan Walker.
19:03 of 3rd period - Stopped by Stuart Skinner with a rebound.
19:05 of 3rd period - Slapshot by Timothy Liljegren.
19:05 of 3rd period - Stopped by Stuart Skinner with a rebound.
19:52 of 3rd period - Icing by Timothy Liljegren.
19:53 of 3rd period - Dylan Gambrell wins face-off versus Tyson Jost in Checkers zone.
Goals for this period are 3 for Checkers vs 0 for Condors.
Shots for this period are 7 for Checkers vs 6 for Condors.
Overtime #1
0:01 of 1st overtime period - Nick Shore wins face-off versus Nathan Walker in neutral zone.
0:44 of 1st overtime period - Snap shot by Brendan Leipsic.
0:44 of 1st overtime period - Goal by Brendan Leipsic - Checkers : 6 - Condors : 5.
Goals for this period are 1 for Checkers vs 0 for Condors.
Shots for this period are 1 for Checkers vs 0 for Condors.
Output by the SimonT Hockey Simulator (STHS) for Francois Prevost